 Dungeon Crawl Stone Soup version 0.27-a0-1291-geefcff5 (webtiles) character file.

Game seed: 17282194179656938491

121 Illumine the Magician (level 4, 0/24 HPs)
             Began as a Deep Elf Fire Elementalist on June 15, 2021.
             Slain by a hobgoblin (4 damage)
             ... on level 2 of the Dungeon.
             The game lasted 00:02:54 (2155 turns).

Illumine the Magician (Deep Elf Fire Elementalist)  Turns: 2155, Time: 00:02:54

Health: 0/24       AC:  2    Str:  5    XL:     4   Next: 76%
Magic:  8/12       EV: 13    Int: 21    God:
Gold:   159        SH:  0    Dex: 15    Spells: 3/11 levels left

rFire    . . .     SeeInvis .   e - +1 short sword (speed)
rCold    . . .     Faith    .   (no shield)
rNeg     . . .     Spirit   .   a - +0 robe
rPois    .         Reflect  .   (no helmet)
rElec    .         Harm     .   (no cloak)
rCorr    .         Rampage  .   (no gloves)
Will     .....                  (no boots)
Stlth    ++........             (no amulet)
HPRegen  0.08/turn              (no ring)
MPRegen  0.13/turn              (no ring)

@: no status effects
A: no striking features
a: no special abilities


You were on level 2 of the Dungeon.
You visited 1 branch of the dungeon, and saw 2 of its levels.

You collected 159 gold pieces.

Inventory:

Hand Weapons
 e - a +1 short sword of speed (weapon)
Armour
 a - a +0 robe (worn)
Jewellery
 d - a ring of positive energy
Scrolls
 c - a scroll of noise {unknown}
Potions
 b - a potion of attraction {unknown}
 f - 2 potions of lignification {unknown}


   Skills:
 + Level 0.8 Fighting
 - Level 3.3 Dodging
 - Level 2.4 Stealth
 + Level 4.3 Spellcasting
 + Level 2.4 Conjurations
 + Level 4.2 Fire Magic


You had 3 spell levels left.
You knew the following spells:

 Your Spells              Type           Power      Damage    Failure   Level
a - Foxfire               Conj/Fire      72%        2x1d7     3%          1
b - Conjure Flame         Conj/Fire      18%        6-21      9%          3
c - Sticky Flame          Conj/Fire      18%        2d4       30%         4

Your spell library contained the following spells:

 Spells                   Type           Power      Damage    Failure   Level
 Inner Flame              Hex/Fire       13%        N/A       14%         3
 Fireball                 Conj/Fire      9%         3d6       63%         5


Dungeon Overview and Level Annotations

Branches:
Dungeon (2/15)

Altars:


Message History

You see here a scroll labelled ROOFAT MINO.
Casting: Foxfire (safe; 3% risk of failure)
Confirm with . or Enter, or press ? or * to list all spells.
You conjure some foxfire!
The hobgoblin shouts!
Casting: Foxfire (safe; 3% risk of failure)
Confirm with . or Enter, or press ? or * to list all spells.
You conjure some foxfire!
The foxfire hits the hobgoblin but does no damage.
An endoplasm comes into view.
The foxfire hits the endoplasm.
The endoplasm is moderately wounded.
The foxfire hits the hobgoblin but does no damage.
Casting: Foxfire (safe; 3% risk of failure)
Confirm with . or Enter, or press ? or * to list all spells.
You conjure some foxfire!
The endoplasm hits you but does no damage.
The foxfire hits the endoplasm.
You kill the endoplasm!
The foxfire hits the hobgoblin but does no damage.
The hobgoblin hits you from afar with a +0 spear.
Casting: Foxfire (safe; 3% risk of failure)
Confirm with . or Enter, or press ? or * to list all spells.
You conjure some foxfire!
The hobgoblin hits you from afar with a +0 spear!
The foxfire hits the hobgoblin.
The hobgoblin is heavily wounded.
The foxfire hits the hobgoblin but does no damage.
The hobgoblin is heavily wounded.
The hobgoblin barely misses you.
Casting: Foxfire (safe; 3% risk of failure)
Confirm with . or Enter, or press ? or * to list all spells.
You conjure some foxfire!
The hobgoblin hits you from afar with a +0 spear!
* * * LOW HITPOINT WARNING * * *
The foxfire hits the hobgoblin but does no damage.
The foxfire hits the hobgoblin.
The hobgoblin is almost dead.
The hobgoblin hits you from afar with a +0 spear.
You die...

# # #
##################
#>................
#§################
#@§.# .......
#<#.# .......
.g#.# ....... .#.#
# ....... .....
....... .. ###
....).. ...
####### ...


You could see a hobgoblin.

Vanquished Creatures
  A scorpion (D:2)
  2 worms (D:2)
  4 dart slugs (D:1)
  5 ball pythons
  6 endoplasms
  9 goblins
  5 hobgoblins
  7 kobolds
  A quokka (D:2)
  2 bats
  A frilled lizard (D:1)
  2 rats (D:1)
45 creatures vanquished.

Vanquished Creatures (others)
  158 foxfires
158 creatures vanquished.

Grand Total: 203 creatures vanquished

Notes
Turn   | Place    | Note
-------+----------+-------------------------------------------
     0 | D:1      | Illumine the Deep Elf Fire Elementalist began the quest for
                  | the Orb.
     0 | D:1      | Reached XP level 1. HP: 10/10 MP: 6/6
    79 | D:1      | Found a faded altar of an unknown god.
   261 | D:1      | Reached XP level 2. HP: 15/15 MP: 4/8
   672 | D:1      | Reached XP level 3. HP: 19/19 MP: 8/10
   701 | D:1      | Learned a level 3 spell: Conjure Flame
  1271 | D:2      | Noticed a scorpion
  1598 | D:2      | Killed a scorpion
  1599 | D:2      | Reached XP level 4. HP: 3/24 MP: 4/12
  1984 | D:2      | Learned a level 4 spell: Sticky Flame
  2155 | D:2      | Slain by a hobgoblin

Illustrated notes

Levels and vault maps discovered:
D:1:      dpeg_arrival_boxes_within_box, layout_rooms, basic_ecumenical_altar,
          chequers_serial_rivers_large_a, minmay_small_reverse_x
D:2:      layout_basic, minmay_goblin_outpost

Skill      XL: |  1  2  3 |
---------------+----------+-----
Dodging        | 3 |  3.3
Spellcasting   | 4 |  4.3
Conjurations   | 2 |  2.4
Fire Magic     | 4 |  4.2
Fighting       | |  0.8
Stealth        | |  2.4

Action                   |  1- 3 |  4- 6 || total
-------------------------+-------+-------++-------
 Cast: Foxfire           |    74 |    20 ||    94
Armor: Robe              |       |     1 ||     1
Dodge: Dodged            |     9 |     5 ||    14

Table legend: (Time is in decaauts)
 A = Elapsed time spent in this place.
 B = Non-inter-level travel time spent in this place.
 C = Inter-level travel time spent in this place.
 D = Time resting spent in this place.
 E = Time spent auto-exploring this place.
 F = Levels seen in this place.
 G = Mean time per level.
                   A        B        C        D        E       F      G
               +--------+--------+--------+--------+--------+-----+--------+
         Total |   2163 |   2132 |     31 |    626 |   1177 |   2 | 1081.5 |
       Dungeon |   2163 |   2132 |     31 |    626 |   1177 |   2 | 1081.5 |
               +--------+--------+--------+--------+--------+-----+--------+

Top non-repeatable levels by time:
     D:1: 1104 daAuts
     D:2: 1059 daAuts
